 Dungeon Crawl Stone Soup version 0.20.1-1-g8b1a95d (webtiles) character file.

613 WiZmei the Cudgeler (level 7, -3/44 HPs)
             Began as a Gargoyle Fighter on Nov 30, 2017.
             Was a Priest of the Shining One.
             Slain by a wyvern (10 damage)
             ... on level 6 of the Dungeon.
             The game lasted 00:11:53 (4185 turns).

WiZmei the Cudgeler (Gargoyle Fighter)              Turns: 4185, Time: 00:11:54

Health: -3/44      AC: 12    Str: 21    XL:     7   Next: 44%
Magic:  7/7        EV:  8    Int: 14    God:    the Shining One [***...]
Gold:   236        SH:  9    Dex:  9    Spells: 6/6 levels left

rFire    . . .     SeeInvis .   a - +0 flail
rCold    . . .     Gourm    .   c - +0 shield
rNeg     + + .     Faith    .   b - +0 scale mail
rPois    ∞         Spirit   .   (no helmet)
rElec    +         Reflect  .   (no cloak)
rCorr    .         Harm     .   (no gloves)
MR       .....                  (no boots)
Stlth    ..........             (no amulet)
Regen    0.2/turn               A - ring of flight
MPRegen  0.1/turn               (no ring)

@: brilliant, glowing
A: negative energy resistance 1, electricity resistance, unbreathing,
petrification resistance, rot immunity, AC +4
a: Divine Shield, Renounce Religion, Evoke Flight


You were on level 6 of the Dungeon.
You worshipped the Shining One.
The Shining One was most pleased with you.
You were not hungry.

You visited 1 branch of the dungeon, and saw 5 of its levels.
You also visited: Ossuary.

You collected 236 gold pieces.

Inventory:

Hand Weapons
 a - a +0 flail (weapon)
Missiles
 y - 3 silver tomahawks (quivered)
Armour
 b - a +0 scale mail (worn)
 c - a +0 shield (worn)
Jewellery
 z - an uncursed ring of see invisible {unknown}
 A - a ring of flight (left hand)
Wands
 m - a wand of iceblast (10/15)
Scrolls
 h - a scroll of blinking
 i - a scroll of teleportation {unknown}
 j - a scroll of fear {unknown}
 n - a scroll of amnesia {unknown}
 o - 3 scrolls of remove curse {unknown}
 p - 3 scrolls of random uselessness {unknown}
 q - a scroll of recharging {unknown}
 v - a scroll of enchant weapon {unknown}
Potions
 d - a potion of might
 e - 4 potions of lignification
 g - a potion of haste {unknown}
 k - a potion of magic {unknown}
 l - a potion of ambrosia {unknown}
 r - 2 potions of cancellation {unknown}
 t - 3 potions of curing {unknown}
 u - 3 potions of invisibility {unknown}
 x - 3 potions of brilliance
Comestibles
 f - 2 bread rations
 s - a royal jelly
 w - 4 fruits


   Skills:
 + Level 4.3 Fighting
 + Level 5.3 Maces & Flails
 + Level 4.5 Armour
 + Level 1.8 Dodging
 + Level 1.0 Stealth
 + Level 5.0 Shields


You had 6 spell levels left.
You didn't know any spells.

Dungeon Overview and Level Annotations

Branches:
Dungeon (6/15)
 Temple: D:4-7

Altars:
Gozag
Hepliaklqana
The Shining One


Innate Abilities, Weirdness & Mutations

You are resistant to torment.
Your stone body is resilient. (AC +4)
You are immune to poison.
You resist negative energy. (rN+)
You are resistant to electric shocks. (rElec)
You can survive without breathing.
You are immune to petrification.
You are immune to rotting.


Message History

The wyvern bites you.
You sock the wyvern!
The wyvern is severely wounded.
The wyvern bites you!
You hit the wyvern.
The wyvern is almost dead.
You block the wyvern's attack. x2
You closely miss the wyvern.
The wyvern is almost dead.
The wyvern barely misses you. The wyvern closely misses you.
You hit the wyvern.
The wyvern is almost dead.
The wyvern bites you!
* * * LOW HITPOINT WARNING * * *
The wyvern barely misses you.
Okay, then.
It was a potion of brilliance.
You feel clever all of a sudden. The wyvern bites you!
You die...

.# ## #### #..
.<... # #.#
.#..#
#..###l####
##.#..#
#.....@...# #
......#
...[####.##.#.#
. ....# #
#.##.#.#
##.#..#
#......#
......#
####.### #..#.#
#.# #..#.###.
#.### #........
#...# .....###.
###.#


You could see a wyvern.

Vanquished Creatures
  An elf zombie (Ossuary)
  A bullfrog (D:6)
  5 centaur zombies (Ossuary)
  2 human zombies (Ossuary)
  A centaur skeleton (D:4)
  A worker ant (D:4)
  An orc wizard (D:3)
  2 mummies (Ossuary)
  3 gnolls (D:6)
  5 adders
  An ooze (D:3)
  An adder zombie (Ossuary)
  3 worms
  2 dart slugs
  6 orcs
  8 bats
  A giant cockroach (D:3)
  4 goblins
  4 hobgoblins
  4 jackals (D:3)
  A kobold (D:2)
  2 quokkas
  2 ball pythons
  5 frilled lizards
  A goblin zombie (Ossuary)
  7 hobgoblin zombies (Ossuary)
  A jackal skeleton (D:4)
  A jackal zombie (Ossuary)
  9 kobold zombies
  A leopard gecko skeleton (D:6)
  10 orc zombies (Ossuary)
  6 rats
  A rat zombie (D:6)
103 creatures vanquished.

Vanquished Creatures (others)
  5 toadstools (D:1)
5 creatures vanquished.

Grand Total: 108 creatures vanquished

Notes
Turn   | Place    | Note
-------+----------+-------------------------------------------
     0 | D:1      | WiZmei the Gargoyle Fighter began the quest for the Orb.
     0 | D:1      | Reached XP level 1. HP: 14/14 MP: 1/1
   267 | D:1      | Reached XP level 2. HP: 18/19 MP: 2/2
   870 | D:2      | Reached XP level 3. HP: 20/23 MP: 3/3
  1069 | D:2      | Found an opulent altar of Gozag.
  1069 | D:2      | Found a glowing golden altar of the Shining One.
  1079 | D:2      | Became a worshipper of the Shining One
  1336 | D:2      | Reached skill level 1 in Dodging
  1689 | D:3      | Reached XP level 4. HP: 25/28 MP: 4/4
  1695 | D:3      | Found a hazy altar of Hepliaklqana.
  1781 | D:3      | Reached skill level 1 in Stealth
  2311 | D:3      | Reached XP level 5. HP: 31/33 MP: 5/5
  3150 | D:4      | You fall through a shaft for 2 floors!
  3220 | D:6      | Reached XP level 6. HP: 33/38 MP: 6/6
  3379 | D:6      | Got a colourful robe
  3435 | D:6      | Found a sand-covered staircase.
  3469 | Ossuary  | Entered an ossuary
  3474 | Ossuary  | Identified the cursed +0 robe "Picade" {rN+} (You found it on level 6 of the Dungeon)
  3483 | Ossuary  | Reached * piety under the Shining One
  3593 | Ossuary  | Reached ** piety under the Shining One
  3661 | Ossuary  | Reached *** piety under the Shining One
  3701 | Ossuary  | Reached XP level 7. HP: 30/42 MP: 7/7
  3729 | Ossuary  | Reached skill level 5 in Maces & Flails
  3729 | Ossuary  | Reached skill level 5 in Shields
  4173 | D:6      | Noticed a wyvern
  4185 | D:6      | Slain by a wyvern

Skill      XL: |  1  2  3  4  5  6  7 |
---------------+----------------------+-----
Dodging        | 1 |  1.8
Maces & Flails | 3 4 5 |  5.3
Stealth        | 1 |  1.0
Shields        | 4 5 |  5.0
Armour         | 4 |  4.5
Fighting       | 4 |  4.3

Action                   |  1- 3 |  4- 6 |  7- 9 || total
-------------------------+-------+-------+-------++-------
Melee: Flail             |   136 |   220 |    60 ||   416
  Use: Potion            |       |     1 |     1 ||     2
       Scroll            |       |     3 |       ||     3
  Eat: Chunk             |     3 |     5 |       ||     8
       Bread ration      |       |     1 |       ||     1
Armor: Scale mail        |    91 |   169 |    39 ||   299
       Skin              |       |    18 |       ||    18
Dodge: Dodged            |    60 |   100 |    26 ||   186
Block: Shield            |   100 |   129 |    34 ||   263
